 Dungeon Crawl Stone Soup version 0.27-a0-291-gd9602db6ee (webtiles) character file.

Game seed: 1005914082467777134

170 kae the Ruffian (level 5, -5/41 HPs)
             Began as a Draconian Transmuter on Feb 9, 2021.
             Slain by a phantom (6 damage)
             ... on level 3 of the Dungeon.
             The game lasted 00:01:34 (3221 turns).

kae the Ruffian (Draconian Transmuter)              Turns: 3221, Time: 00:01:34

Health: -5/41      AC:  7    Str: 13    XL:     5   Next: 25%
Magic:  8/8        EV: 12    Int: 14    God:
Gold:   57         SH:  0    Dex: 11    Spells: 5/9 levels left

rFire    . . .     SeeInvis .     - Unarmed
rCold    . . .     Faith    .   (no shield)
rNeg     . . .     Spirit   .   (armour unavailable)
rPois    .         Reflect  .   (helmet restricted)
rElec    .         Harm     .   h - +0 cloak
rCorr    .         Rampage  .   (no gloves)
Will     .....                  d - +0 pair of boots
Stlth    +.........             (no amulet)
HPRegen  0.13/turn              (no ring)
MPRegen  0.11/turn              (no ring)

@: no status effects
A: unfitting armour, cold-blooded, AC +5
a: no special abilities


You were on level 3 of the Dungeon.
You visited 1 branch of the dungeon, and saw 3 of its levels.

You collected 57 gold pieces.

Inventory:

Armour
 d - a +0 pair of boots (worn)
 h - a +0 cloak (worn)
Scrolls
 c - 2 scrolls of noise {unknown}
 f - a scroll of amnesia
 g - a scroll of remove curse
 j - a scroll of enchant armour {unknown}
 k - 2 scrolls of identify {unknown}
Potions
 a - a potion of degeneration {unknown}
 b - a potion of heal wounds {unknown}
 e - a potion of flight {unknown}
 i - a potion of curing {unknown}


   Skills:
 + Level 2.2 Fighting
 + Level 2.3 Dodging
 * Level 4.1 Unarmed Combat
 + Level 2.6 Spellcasting
 * Level 2.9 Transmutations
 * Level 1.3 Poison Magic


You had 5 spell levels left.
You knew the following spells:

 Your Spells              Type           Power        Failure   Level
a - Beastly Appendage     Tmut           18%          7%          1
b - Spider Form           Tmut/Pois      3%           28%         3

Your spell library contained the following spells:

 Spells                   Type           Power        Failure   Level
 Wereblood                Tmut           9%           11%         2
 Ice Form                 Ice/Tmut       5%           77%         4
 Blade Hands              Tmut           4%           88%         5


Dungeon Overview and Level Annotations

Branches:
Dungeon (3/15)

Altars:
Makhleb


Innate Abilities, Weirdness & Mutations

Your plain brown scales are hard. (AC +5)
You cannot fit into any form of body armour.
You are cold-blooded and may be slowed by cold attacks.


Message History

The phantom hits you.
* * * LOW HITPOINT WARNING * * *
You hit the phantom but do no damage.
The phantom is almost destroyed.
The phantom closely misses you.
You closely miss the phantom.
The phantom is almost destroyed.
The phantom hits you!
* * * LOW HITPOINT WARNING * * *
The phantom blinks!
You blink. 2 jackals come into view.
You barely miss the phantom.
The phantom is almost destroyed.
The jackal barks! x2
A jackal comes into view.
The phantom barely misses you.
You barely miss the phantom.
The phantom is almost destroyed.
The phantom hits you.
You die...

#. #. #.#+#########
#............
#....§############
.......§............
#######...##._..########
.h.h.hW@................
########################


You could see a phantom and 3 jackals.

Vanquished Creatures
  3 orc priests (D:3)
  3 adders (D:2)
  A white imp (D:2)
  2 leopard geckos (D:2)
  2 orcs
  3 bats
  3 giant cockroaches
  7 hobgoblins
  A jackal (D:3)
  2 quokkas (D:2)
  2 frilled lizards (D:1)
  4 goblins (D:1)
  6 kobolds
  8 rats
47 creatures vanquished.

Notes
Turn   | Place    | Note
-------+----------+-------------------------------------------
     0 | D:1      | kae the Draconian Transmuter began the quest for the Orb.
     0 | D:1      | Reached XP level 1. HP: 16/16 MP: 3/3
   199 | D:1      | Reached XP level 2. HP: 18/23 MP: 5/5
  1308 | D:2      | Reached XP level 3. HP: 20/29 MP: 6/6
  2010 | D:2      | Reached XP level 4. HP: 16/36 MP: 5/7
  2019 | D:2      | Learned a level 3 spell: Spider Form
  2658 | D:3      | Reached skill level 4 in Unarmed Combat
  2658 | D:3      | Reached skill level 1 in Poison Magic
  2856 | D:3      | Reached XP level 5. HP: 32/41 MP: 6/8
  3191 | D:3      | Found a burning altar of Makhleb.
  3197 | D:3      | Noticed a phantom
  3219 | D:3      | HP: 1/41 [phantom (7)]
  3221 | D:3      | Slain by a phantom

Illustrated notes

Levels and vault maps discovered:
D:1:      roderic_crossed_star, layout_basic
D:2:      layout_loops_corners
D:3:      layout_basic, bloody_makhleb, uniq_robin

Skill      XL: |  1  2  3  4 |
---------------+-------------+-----
Dodging        | 2 |  2.3
Fighting       | 2 |  2.2
Unarmed Combat | 4 |  4.1
Poison Magic   | 1 |  1.3
Spellcasting   | |  2.6
Transmutations | |  2.9

Action                   |  1- 3 |  4- 6 || total
-------------------------+-------+-------++-------
Melee: Unarmed           |   109 |    58 ||   167
       Kick              |    15 |     8 ||    23
       Headbutt          |     8 |     5 ||    13
       Tailslap          |    10 |     1 ||    11
       Punch             |     1 |       ||     1
 Cast: Beastly Appendage |    23 |     7 ||    30
       Spider Form       |       |     2 ||     2
  Use: Scroll            |     4 |       ||     4
Armor: Skin              |    28 |     8 ||    36
Dodge: Dodged            |    85 |    31 ||   116

Table legend: (Time is in decaauts)
 A = Elapsed time spent in this place.
 B = Non-inter-level travel time spent in this place.
 C = Inter-level travel time spent in this place.
 D = Time resting spent in this place.
 E = Time spent auto-exploring this place.
 F = Levels seen in this place.
 G = Mean time per level.
                   A        B        C        D        E       F      G
               +--------+--------+--------+--------+--------+-----+--------+
         Total |   3210 |   3163 |     47 |    142 |   2605 |   3 | 1070.0 |
       Dungeon |   3210 |   3163 |     47 |    142 |   2605 |   3 | 1070.0 |
               +--------+--------+--------+--------+--------+-----+--------+

Top non-repeatable levels by time:
     D:2: 1458 daAuts
     D:1: 1114 daAuts
     D:3: 637 daAuts
